 Dungeon Crawl Stone Soup version 0.17-a0-157-g289cc6a (webtiles) character file.

351 Ngotmuk the Ducker (level 6, -1/48 HPs)
             Began as a Demonspawn Gladiator on Mar 26, 2015.
             Was an Initiate of Cheibriados.
             Slain by Ngotmuk's ghost (8 damage)
             ... on level 4 of the Dungeon.
             The game lasted 00:10:59 (3521 turns).

Ngotmuk the Ducker (Demonspawn Gladiator)           Turns: 3521, Time: 00:10:59

Health: -1/48      AC: 13    Str: 18    XL:     6   Next: 34%
Magic:  6/6        EV:  9    Int: 11    God:    Cheibriados [......]
Gold:   150        SH:  0    Dex: 14    Spells: 0 memorised, 5 levels left

rFire  x . .     SeeInvis .     p - +0 dagger (vamp)
rCold  + . .     Clarity  .     o - +0 shadow dragon armour
rNeg   . . .     SustAb   .     (no shield)
rPois  .         Gourm    +     c - +0 helmet
rElec  .         Spirit   .     (no cloak)
rCorr  .         Warding  .     m - +0 pair of gloves
rMut   .         Stasis   .     (no boots)
MR     .....                    x - amulet of the gourmand
Stlth  ++........               (no ring)
                                s - ring of ice

@: very slow, not resistant to hostile enchantments, unstealthy
A: demonic guardian 1, spiny 2
a: Bend Time, Renounce Religion


You were on level 4 of the Dungeon.
You worshipped Cheibriados.
Cheibriados was noncommittal.
You were not hungry.

You visited 2 branches of the dungeon, and saw 5 of its levels.

You collected 150 gold pieces.

Inventory:

Hand weapons
 p - a +0 vampiric dagger (weapon)
Missiles
 d - 3 throwing nets (quivered)
Armour
 c - a +0 helmet (worn)
 m - a +0 pair of gloves (worn)
 o - a +0 shadow dragon armour (worn)
Jewellery
 s - a ring of ice (left hand)
 x - an amulet of the gourmand (around neck)
Scrolls
 f - a scroll of magic mapping
 g - 3 scrolls of enchant armour {unknown}
 i - 3 scrolls of identify {unknown}
 j - a scroll of remove curse {unknown}
 l - a scroll of enchant weapon {unknown}
 r - a scroll of teleportation {unknown}
Potions
 a - a potion of haste {unknown}
 b - 3 potions of curing {unknown}
 e - 2 potions of heal wounds {unknown}
 h - a potion of resistance {unknown}
 k - 2 potions of agility {unknown}
 n - a potion of might {unknown}
 q - a potion of invisibility {unknown}
 u - a potion of poison {unknown}
Comestibles
 t - 2 beef jerkies
 w - a slice of pizza
 z - 2 fruits


   Skills:
 + Level 4.1 Fighting
   Level 3.6 Long Blades
 - Level 1.7 Throwing
 + Level 2.1 Armour
 + Level 4.2 Dodging


You had 5 spell levels left.
You didn't know any spells.

Dungeon Overview and Level Annotations

Branches:
Dungeon (4/15)             Temple (1/1) D:4

Altars:
Ashenzari
Cheibriados
Dithmenos
Elyvilon
Fedhas
Gozag
Kikubaaqudgha
Makhleb
Nemelex Xobeh
Okawaru
Ru
Sif Muna
Trog
Vehumet
Xom
Yredelemnul
Zin
The Shining One

Shops:
D:4 [*!

Annotations:
D:4 Ngotmuk's ghost, average DDFi


Innate Abilities, Weirdness & Mutations

A weak demonic guardian rushes to your aid.
You are mostly covered in sharp spines.


Message History

Your white imp hits Ngotmuk's ghost but does no damage.
You swap places.
Your ufetubus disappears in a puff of smoke!
Ngotmuk's ghost barely misses your white imp.
Your white imp hits Ngotmuk's ghost but does no damage.
You swap places.
Ngotmuk's ghost hits you! Ngotmuk's ghost misses you.
You hit Ngotmuk's ghost but do no damage.
Ngotmuk's ghost is severely damaged.
Your white imp disappears in a puff of smoke!
Ngotmuk's ghost hits you.
You hit Ngotmuk's ghost but do no damage.
Ngotmuk's ghost is severely damaged.
You hit Ngotmuk's ghost but do no damage.
Ngotmuk's ghost is severely damaged.
Ngotmuk's ghost hits you!
* * * LOW HITPOINT WARNING * * *
You barely miss Ngotmuk's ghost.
Ngotmuk's ghost is severely damaged.
Ngotmuk's ghost hits you!
You die...

,,,,,,..# ******#.#
#######.##########
.................# *##**
#######.#...####.# ##>,,**
...>.........###.###.#**,*
*###...............#'###,#
,....##..)...###W#.'∩'.#.#
**###*#.#...## #@###'#..#* *
####..#.## #.###:#.######*
##....P#.# #.....†.......**
###...PP.#)#####.#####.#.8.8.8*
......>....))..#.# *.#,,⌠.⌠,*
###......#####.#.# *,#*8,∩,8*
#......# #.#.# *,**,⌠,⌠,*
###....### #.#.# *,**8,8,8*
.#####.# #.#.# *,,,,,****


You could see Ngotmuk's ghost.

Vanquished Creatures
  A worker ant (D:4)
  Terence (D:3)
  A gnoll (D:1)
  5 adders
  A worm (D:3)
  4 giant geckos
  10 orcs (D:4)
  9 bats
  13 goblins
  7 hobgoblins
  9 kobolds
  An ooze (D:4)
  2 quokkas (D:2)
  A ball python (D:1)
  A giant cockroach (D:1)
  6 giant newts
  7 rats
79 creatures vanquished.

Vanquished Creatures (collateral kills)
  Grinder (D:3)
  An adder (D:3)
  A rat (D:3)
3 creatures vanquished.

Vanquished Creatures (others)
  2 quasits (D:4)
  3 white imps
  An ufetubus (D:4)
6 creatures vanquished.

Grand Total: 88 creatures vanquished

Notes
Turn   | Place    | Note
--------------------------------------------------------------
     0 | D:1      | Ngotmuk, the Demonspawn Gladiator, began the quest for the Orb.
     0 | D:1      | Reached XP level 1. HP: 16/16 MP: 1/1
    82 | D:1      | Reached skill level 3 in Long Blades
    82 | D:1      | Gained mutation: A weak demonic guardian rushes to your aid. [demonic ancestry]
    82 | D:1      | Reached XP level 2. HP: 12/22 MP: 2/2
   500 | D:1      | Reached XP level 3. HP: 26/28 MP: 3/3
  1239 | D:2      | Gained mutation: You are partially covered in sharp spines. [demonic ancestry]
  1239 | D:2      | Reached XP level 4. HP: 9/34 MP: 4/4
  1261 | D:2      | HP: 1/34 [poisoned by an adder]
  2253 | D:3      | Noticed Terence
  2298 | D:3      | Killed Terence
  2522 | D:3      | Noticed Grinder
  2529 | D:3      | Paralysed by Grinder for 2 turns
  2543 | D:3      | Paralysed by Grinder for 7 turns
  2586 | D:3      | Paralysed by Grinder for 5 turns
  2600 | D:3      | Paralysed by Grinder for 3 turns
  2606 | D:3      | Killed Grinder
  2606 | D:3      | Reached skill level 1 in Armour
  2606 | D:3      | Reached skill level 4 in Dodging
  2606 | D:3      | Gained mutation: You are mostly covered in sharp spines. [demonic ancestry]
  2606 | D:3      | Reached XP level 5. HP: 20/42 MP: 5/5
  2606 | D:3      | Reached XP level 6. HP: 22/48 MP: 6/6
  2978 | D:4      | Found Psori's General Store.
  3034 | D:4      | Found Ehutax's Antique Armour Shoppe.
  3113 | D:4      | Found a staircase to the Ecumenical Temple.
  3126 | Temple   | Entered the Ecumenical Temple
  3328 | Temple   | Became a worshipper of Cheibriados the Contemplative
  3464 | D:4      | Found Naowacw's Distillery.
  3489 | D:4      | Noticed Ngotmuk's ghost (average DDFi)
  3521 | D:4      | Slain by Ngotmuk's ghost

Action                   |  1- 3 |  4- 6 || total
-------------------------+-------+-------++-------
Melee: Long sword        |   126 |     4 ||   130
       Dagger            |       |   266 ||   266
  Use: Scroll            |       |     1 ||     1
       Potion            |       |     1 ||     1
 Stab: Sleeping          |       |     3 ||     3
       Distracted        |       |     1 ||     1
  Eat: Bread ration      |       |     2 ||     2
       Beef jerky        |       |     1 ||     1
       Fruit             |       |     2 ||     2
       Meat ration       |       |     1 ||     1
